 Dungeon Crawl Stone Soup version 0.22-a0-779-g6f83d72c62 (webtiles) character file.

134 Mirvelgyr the Shield-Bearer (level 5, -5/42 HPs)
             Began as a Formicid Fighter on July 19, 2018.
             Slain by a gnoll
             ... wielding a +2 spear of piercing
              (7 damage)
             ... on level 4 of the Dungeon.
             The game lasted 00:05:14 (2597 turns).

Mirvelgyr the Shield-Bearer (Formicid Fighter)      Turns: 2597, Time: 00:05:15

Health: -5/42      AC:  8    Str: 26    XL:     5   Next: 40%
Magic:  5/5        EV:  8    Int:  8    God:
Gold:   108        SH: 10    Dex: 10    Spells: 4/4 levels left

rFire    . . .     SeeInvis +   v - +0 falchion
rCold    . . .     Gourm    .   c - +0 shield
rNeg     . . .     Faith    .   b - +0 scale mail
rPois    .         Spirit   .   (helmet unavailable)
rElec    .         Reflect  .   e - +0 cloak
rCorr    .         Harm     .   (no gloves)
MR       .....                  (no boots)
Stlth    ..........             (no amulet)
HPRegen  0.14/turn              (no ring)
MPRegen  0.09/turn              (no ring)

@: mighty
A: permanent stasis, dig shafts and tunnels, four strong arms, antennae 3
a: Dig, Shaft Self


You were on level 4 of the Dungeon.
You were hungry.

You visited 1 branch of the dungeon, and saw 4 of its levels.

You collected 108 gold pieces.

Inventory:

Hand Weapons
 v - a +0 falchion (weapon)
Armour
 b - a +0 scale mail (worn)
 c - a +0 shield (worn)
 e - a +0 cloak (worn)
Jewellery
 a - an uncursed amulet of rage {unknown}
 o - an uncursed ring of protection from cold {unknown}
 p - a +3 ring of intelligence {unknown}
Wands
 u - a wand of scattershot (7)
Scrolls
 g - a scroll of noise {unknown}
 h - 2 scrolls of immolation {unknown}
 i - 4 scrolls of identify {unknown}
 k - 2 scrolls of magic mapping {unknown}
 l - a scroll of remove curse {unknown}
 m - a scroll of teleportation {unknown}
 n - a scroll of enchant weapon {unknown}
 s - 2 scrolls of fog {unknown}
 w - a scroll of enchant armour {unknown}
Potions
 j - 2 potions of heal wounds {unknown}
 q - a potion of haste
 t - a potion of curing
Comestibles
 f - 3 rations


   Skills:
 + Level 4.1 Fighting
 * Level 3.5 Long Blades
 + Level 4.0 Armour
 + Level 4.4 Shields


You had 4 spell levels left.
You didn't know any spells.
Your spell library was empty.

Dungeon Overview and Level Annotations

Branches:
Dungeon (4/15)
 Temple: D:4-7

Altars:


Innate Abilities, Weirdness & Mutations

You cannot be hasted, slowed, berserked, paralysed or teleported.
You can dig through walls and to a lower floor.
Your four strong arms can wield two-handed weapons with a shield.
You have a pair of large antennae on your head. (SInv)


Message History

You feel sick. The frilled lizard barely misses you.
It was a potion of haste.
Your stasis prevents you from being hasted.
* * * LOW HITPOINT WARNING * * *
You feel sick. The frilled lizard barely misses you.
You riposte.
You miss the frilled lizard.
It was a potion of curing.
You feel better. You block the frilled lizard's attack.
You are too injured to fight recklessly!
You are too injured to fight recklessly!
You barely miss the frilled lizard.
The gnoll hits you from afar with a spear of piercing.
The frilled lizard bites you.
* * * LOW HITPOINT WARNING * * *
You closely miss the frilled lizard.
The gnoll hits you from afar with a spear of piercing!
* * * LOW HITPOINT WARNING * * *
x2 You block the frilled lizard's attack.
The gnoll hits you from afar with a spear of piercing!
You die...

#.# #...$. #.# #..#.#
.>## #.# #..#.# ....
####.#### #..#.####..##
........###.....#......
.........##(...>)....#
####..#..###..?.#>#
#..........g##.##..##
#.##(.....ral@.......
#.############.###.#.
#.# .# #.# .# #.# ..
#.# ## #. {{


You could see a worker ant, a gnoll, a quokka and a frilled lizard.

Vanquished Creatures
  A hound (D:4)
  2 adders
  2 worms (D:2)
  3 dart slugs
  A leopard gecko (D:2)
  6 orcs
  A ball python (D:1)
  3 giant cockroaches
  10 goblins
  10 hobgoblins
  3 jackals (D:1)
  11 kobolds
  2 quokkas (D:3)
  2 bats
  3 frilled lizards
  5 rats
65 creatures vanquished.

Notes
Turn   | Place    | Note
-------+----------+-------------------------------------------
     0 | D:1      | Mirvelgyr the Formicid Fighter began the quest for the Orb.
     0 | D:1      | Reached XP level 1. HP: 18/18 MP: 1/1
   151 | D:1      | Reached XP level 2. HP: 24/24 MP: 2/2
   501 | D:1      | Reached XP level 3. HP: 29/29 MP: 3/3
  1088 | D:2      | Reached XP level 4. HP: 35/37 MP: 4/4
  2143 | D:3      | Reached XP level 5. HP: 38/42 MP: 5/5
  2597 | D:4      | HP: 2/42 [gnoll/spear of piercing (3)]
  2597 | D:4      | Slain by a gnoll

Vault maps used:
D:1:      zelgadis_glass_arrival_small, minmay_tree_intersection
D:3:      first_ration
D:4:      minitemple

Skill      XL: |  1  2  3  4  5 |
---------------+----------------+-----
Shields        | 4 |  4.4
Long Blades    | 3 |  3.5
Fighting       | 4 |  4.1
Armour         | 4 |  4.0

Action                   |  1- 3 |  4- 6 || total
-------------------------+-------+-------++-------
Melee: Long sword        |   119 |    60 ||   179
       Falchion          |       |    61 ||    61
  Use: Potion            |       |     3 ||     3
  Eat: Chunk             |     1 |     4 ||     5
Armor: Scale mail        |    59 |    46 ||   105
Dodge: Dodged            |    28 |    51 ||    79
Block: Shield            |    70 |    74 ||   144
       Rpst.: Long sword |     9 |     7 ||    16
       Falchion          |       |     8 ||     8

Table legend:
 A = Spawn XP
 B = Non-spawn XP
 C = Spawn XP percentage of total XP
 D = Spawn monster count
 E = Non-spawn monster count
 F = Spawn count percentage of total count
 G = Total turns spent on level
                    A         B        C        D         E        F      G
               +---------+---------+-------+---------+---------+-------+---------
         Total |       0 |     192 |   0.0 |       0 |      65 |   0.0 |  2597
               +---------+---------+-------+---------+---------+-------+---------
           D:1 |       0 |      42 |   0.0 |       0 |      25 |   0.0 |   890
           D:2 |       0 |      57 |   0.0 |       0 |      19 |   0.0 |   765
           D:3 |       0 |      50 |   0.0 |       0 |      19 |   0.0 |   880
           D:4 |       0 |      43 |   0.0 |       0 |       2 |   0.0 |    62
               +---------+---------+-------+---------+---------+-------+---------
